 Dungeon Crawl Stone Soup version 0.18-b1-16-g289874d (webtiles) character file.

47 Chiseanne the Magician (level 3, 0/24 HPs)
             Began as a Demonspawn Wizard on May 1, 2016.
             Slain by a gnoll
             ... wielding a +0 club
              (6 damage)
             ... on level 3 of the Dungeon.
             The game lasted 00:04:06 (2149 turns).

Chiseanne the Magician (Demonspawn Wizard)          Turns: 2149, Time: 00:04:07

Health: 0/24       AC:  2    Str:  7    XL:     3   Next: 48%
Magic:  4/8        EV: 12    Int: 20    God:
Gold:   148        SH:  0    Dex: 11    Spells: 4 memorised, 1 level left

rFire  + . .     SeeInvis .     m - +0 whip (curse)
rCold  + . .     Gourm    .     a - +0 robe
rNeg   . . .     Faith    .     (no shield)
rPois  .         Spirit   .     b - +0 hat
rElec  .         Dismiss  .     (no cloak)
rCorr  .         Reflect  .     (no gloves)
SustAt .         Harm     .     (no boots)
MR     .....                    (no amulet)
Stlth  ++........               (no ring)
                                p - ring of protection from cold

@: very slightly contaminated, not resistant to hostile enchantments, unstealthy
A: fire resistance 1
a: no special abilities


You were on level 3 of the Dungeon.
You were hungry.

You visited 1 branch of the dungeon, and saw 3 of its levels.

You collected 148 gold pieces.

Inventory:

Hand Weapons
 l - a +0 short sword
 m - a cursed +0 whip (weapon)
Missiles
 e - 6 javelins
 f - 60 stones (quivered)
 i - 13 bolts
Armour
 a - a +0 robe (worn)
 b - a +0 hat (worn)
Jewellery
 p - a ring of protection from cold (left hand)
Scrolls
 o - a scroll of remove curse
 r - 2 scrolls of identify
Potions
 j - 3 potions of curing
 s - a potion of agility
 t - a potion of cure mutation {unknown}
Books
 c - a book of Minor Magic

   Spells                             Type                      Level
   a - Magic Dart                     Conjuration                  1
   b - Blink                          Translocation                2
   c - Call Imp                       Summoning                    2
   d - Repel Missiles                 Charms/Air                   2
   e - Slow                           Hexes                        2
   f - Conjure Flame                  Conjuration/Fire             3
   g - Mephitic Cloud                 Conjuration/Poison/Air       3
Comestibles
 d - a bread ration
 h - a meat ration
 k - a beef jerky
 n - 5 fruits


   Skills:
 - Level 1.7 Dodging
 - Level 1.7 Stealth
 * Level 3.8 Spellcasting
 * Level 2.2 Conjurations
   Level 1.0 Summonings
 - Level 0.8 Translocations


You had one spell level left.
You knew the following spells:

 Your Spells              Type           Power        Failure   Level  Hunger
a - Magic Dart            Conj           ##..         6%          1    None
b - Blink                 Tloc           N/A          17%         2    ##.....
c - Repel Missiles        Chrm/Air       #.....       24%         2    ##.....
d - Mephitic Cloud        Conj/Pois/Air  #.......     30%         3    ###....


Dungeon Overview and Level Annotations

Branches:
Dungeon (3/15)

Altars:


Innate Abilities, Weirdness & Mutations

Your flesh is heat resistant.


Message History

Found a scroll of identify.
Found a pair of boots.
You see here a scroll of identify.
r - 2 scrolls of identify (gained 1)
Casting: Blink
Confirm with . or Enter, or press ? or * to list all spells.
Aiming: Magic Dart
Press: ? - help, Shift-Dir - straight line, f - gnoll
Aim: a gnoll, wielding a club The magic dart hits the gnoll.
The gnoll is lightly wounded.
Casting: Magic Dart
Confirm with . or Enter, or press ? or * to list all spells.
Aiming: Magic Dart
Press: ? - help, Shift-Dir - straight line, f/p - gnoll
Aim: a gnoll, wielding a club (lightly wounded)
The magic dart hits the gnoll.
The gnoll is lightly wounded.
The gnoll hits you with a club.
You die...

##. .. #.# ###
####..#
#####..... ..$..#
##[@...# ....##
#.g#####
#....#########.##
....w..g...#...#
.#.##...##...###
.#.####.##.#.#
.#w# #....#.?.
##.. #...######
##. #..#...


You could see a gnoll.

Vanquished Creatures
  A dart slug (D:1)
  3 giant geckos
  5 bats
  3 giant cockroaches
  5 goblins
  7 hobgoblins
  2 quokkas (D:2)
  A ball python (D:1)
  3 giant newts
  5 kobolds
  3 rats
38 creatures vanquished.

Notes
Turn   | Place    | Note
--------------------------------------------------------------
     0 | D:1      | Chiseanne the Demonspawn Wizard began the quest for the Orb.
     0 | D:1      | Reached XP level 1. HP: 13/13 MP: 4/4
   229 | D:1      | Gained mutation: Your flesh is heat resistant. [demonic ancestry]
   229 | D:1      | Reached XP level 2. HP: 10/19 MP: 3/6
  1389 | D:1      | Reached XP level 3. HP: 24/24 MP: 4/8
  1652 | D:2      | Learned a level 2 spell: Blink
  1655 | D:2      | Learned a level 2 spell: Repel Missiles
  1659 | D:2      | Learned a level 3 spell: Mephitic Cloud
  2149 | D:3      | Slain by a gnoll

Skill      XL: |  1  2 |
---------------+-------+-----
Conjurations   | 2 |  2.2
Dodging        | |  1.7
Stealth        | |  1.7
Spellcasting   | |  3.8
Summonings     | |  1.0
Translocations | |  0.8

Action                   || total
-------------------------++-------
Melee: Whip              ||    16
       Short sword       ||     8
 Cast: Magic Dart        ||    87
       Blink             ||     1
  Use: Scroll            ||     7
       Potion            ||     1
  Eat: Chunk             ||     3
Armor: Robe              ||     8
Dodge: Dodged            ||    18
